 Dungeon Crawl Stone Soup version 0.31-a0-151-ge443d1f16c (webtiles) character file.

Game seed: 13978515446940200059

361 qw the Shooter (level 6, -3/52 HPs)
             Began as a Minotaur Hunter on June 8, 2023.
             Was an Initiate of Okawaru.
             Slain by a bullfrog (4 damage)
             ... in a sewer.
             The game lasted 00:01:15 (3282 turns).

qw the Shooter (Minotaur Hunter)                    Turns: 3282, Time: 00:01:16

Health: -3/52      AC:  5    Str: 15    XL:     6   Next: 38%
Magic:  5/5        EV: 11    Int:  6    God:    Okawaru [......]
Gold:   134        SH:  5    Dex: 16    Spells: 5/5 levels left

rFire   . . .        Y - +3 orcbow (elec)
rCold   . . .        (shield currently unavailable)
rNeg    . . .        f - +0 ring mail
rPois   .            (helmet restricted)
rElec   .            (no cloak)
rCorr   .            (no gloves)
SInv    .            (no boots)
Will    .....        a - amulet of reflection
Stlth   +            (no ring)
HPRegen 0.28/turn    (no ring)
MPRegen 0.09/turn

%: reflection
@: lethally poisoned (-3 -> -4)
A: horns 2, retaliatory headbutt
a: Renounce Religion


You were in a sewer.
You worshipped Okawaru.
Okawaru was noncommittal.
You visited 1 branch of the dungeon, and saw 4 of its levels.
You also visited: Sewer.

You collected 134 gold pieces.


Innate Abilities, Weirdness & Mutations

You have a pair of horns on your head.
You reflexively headbutt those who attack you in melee.


   Skills:
 - Level 4.0 Fighting
 + Level 7.8 Ranged Weapons
 - Level 1.2 Armour
 - Level 2.1 Dodging
 - Level 0.7 Stealth


You had 5 spell levels left.
You didn't know any spells.
Your spell library was empty.

Inventory:

Hand Weapons
 Y - a +3 orcbow of electrocution (weapon)
Armour
 f - a +0 ring mail (worn)
Jewellery
 a - an amulet of reflection (around neck)
Scrolls
 b - 3 scrolls of identify
Potions
 c - a potion of haste {unknown}
 d - a potion of heal wounds {unknown}
 e - a potion of mutation {unknown}

Dungeon Overview and Level Annotations

Branches:
Dungeon (4/15)              Sewer (1/1)
 Temple: D:4-7

Altars:
Cheibriados
Gozag
Okawaru
Sif Muna
Uskayaw
Vehumet
Wu Jian
Zin
The Shining One

Annotations:
D:3 2 transporters


Message History

The arrow hits the bullfrog.
The bullfrog is lightly wounded.
You feel sick. The bullfrog completely misses you. You furiously retaliate!
You headbutt the bullfrog.
The ball python bites you but does no damage.
The ball python constricts you. You block the adder's attack.
The adder bites you. You block the bullfrog's attack.
You block the ball python's attack. The ball python constricts you.
You shoot an arrow.
The arrow closely misses the ball python.
The arrow completely misses the bullfrog.
You feel sick. The bullfrog barely misses you. You block the adder's attack.
The adder barely misses you. You block the ball python's attack.
The ball python constricts you. The bullfrog hits you!
The adder bites you but does no damage. The adder bites you.
You shoot an arrow.
The arrow closely misses the ball python.
The arrow barely misses the bullfrog.
You feel sick. The bullfrog barely misses you. You furiously retaliate!
You headbutt the bullfrog, but do no damage.
You block the ball python's attack. The ball python constricts you.
You block the adder's attack. The adder barely misses you.
The bullfrog hits you. You block the ball python's attack.
The ball python constricts you.
You shoot an arrow.
The arrow completely misses the ball python.
The arrow closely misses the bullfrog.
You feel sick.
The adder bites you. x2; The bullfrog hits you.
You block the adder's attack. The adder misses you. You furiously retaliate!
You headbutt the adder. The ball python bites you.
The ball python constricts you.
The frilled lizard bites you but does no damage.
The bullfrog completely misses you.
You shoot an arrow. The arrow hits the ball python!
Lightning courses through the ball python!
You kill the ball python!
Okawaru accepts your kill.
You feel sick. The adder barely misses you. The adder bites you.
The bullfrog hits you.
You die...

###################
###..~~~~~~~~SFl~~~~#.
##...~~~~~~#~.@F~~~~~~.
#....~~~~~~~#lS#~~~~~~.
#....~~~~~~~~~~~~~~~~~.
##....~~~~~~~~~~~~~~~~~.
#......~~~~~~~~~~~~~~~..
#....###################
##...#### #.%..#..#
#....'..#


You could see 2 bullfrogs, 2 adders and 2 frilled lizards.

Vanquished Creatures
  Jessica (D:3)
  7 gnolls (D:3)
  13 adders
  5 river rats (Sewer)
  A worm (D:4)
  3 dart slugs
  An orc (D:4)
  3 bats (D:1)
  12 endoplasms
  3 giant cockroaches
  6 goblins
  6 hobgoblins
  2 jackals (D:1)
  4 quokkas
  15 ball pythons
  5 frilled lizards
  2 kobolds
  26 rats
115 creatures vanquished.

Notes
Turn   | Place    | Note
-------+----------+-------------------------------------------
     0 | D:1      | qw the Minotaur Hunter began the quest for the Orb.
     0 | D:1      | Reached XP level 1. HP: 18/18 MP: 0/0
     0 | D:1      | 0 ||| qw: Version: 0.2-a-120-gdf1a93b
     0 | D:1      | 0 ||| qw: Game counter: 3053
     0 | D:1      | 0 ||| qw: Always use a shield: true
     0 | D:1      | 0 ||| qw: God list: Okawaru
     0 | D:1      | 0 ||| qw: Allow faded altars: false
     0 | D:1      | 0 ||| qw: Do Orc after D:15 true
     0 | D:1      | 0 ||| qw: Do second Lair branch before Depths: true
     0 | D:1      | 0 ||| qw: Lair rune preference: random
     0 | D:1      | 0 ||| qw: Plans: Normal
     0 | D:1      | 0 ||| PLANNING D:1-11
   167 | D:1      | Reached XP level 2. HP: 25/25 MP: 1/1
   221 | D:1      | Reached skill level 5 in Ranged Weapons
   289 | D:1      | 289 ||| UPGRADING to +0 ring mail.
   306 | D:1      | 306 ||| DROPPING +0 leather armour.
   369 | D:1      | Reached skill level 1 in Armour
   403 | D:1      | 403 ||| Stepping ~*~*~tactically~*~*~ (water).
   527 | D:1      | Reached skill level 3 in Fighting
   542 | D:1      | Reached XP level 3. HP: 31/31 MP: 2/2
   849 | D:1      | 849 ||| READING scroll labelled MOUZOMM CAOLI.
   850 | D:1      | 850 ||| READING scroll labelled PITAG LOHUSH.
   853 | D:1      | 853 ||| READING scroll labelled URGHEXZ TAEKUNT.
   853 | D:1      | Identified a scroll of acquirement
   853 | D:1      | 853 ||| ACQUIRING +3 orcbow of electrocution
   853 | D:1      | Acquired a +3 orcbow of electrocution
   855 | D:1      | 855 ||| SWAPPING to +3 orcbow of electrocution.
   856 | D:1      | 856 ||| DROPPING +0 shortbow.
   857 | D:1      | 857 ||| DROPPING scroll of butterflies.
   867 | D:2      | Found a faded altar of an unknown god.
   872 | D:2      | 872 ||| STAIRDANCE
  1107 | D:2      | 1107 ||| FLEEEEING.
  1110 | D:2      | 1110 ||| FLEEEEING.
  1111 | D:2      | 1111 ||| FLEEEEING.
  1112 | D:2      | 1112 ||| FLEEEEING.
  1301 | D:2      | Reached XP level 4. HP: 38/38 MP: 3/3
  1474 | D:2      | Reached skill level 6 in Ranged Weapons
  1758 | D:2      | 1758 ||| READING scroll labelled LEUNLA KIALI.
  1759 | D:2      | 1759 ||| READING scroll labelled ISTRER GUNASUKY.
  1760 | D:2      | 1760 ||| READING 3 scrolls labelled TOYFOFA MURARE.
  1761 | D:2      | 1761 ||| DRINKING 2 cyan potions.
  1762 | D:2      | 1762 ||| DROPPING 2 scrolls of blinking.
  1910 | D:3      | Reached XP level 5. HP: 35/46 MP: 4/4
  1960 | D:3      | Found a radiant altar of Vehumet.
  2172 | D:3      | 2172 ||| Stepping ~*~*~tactically~*~*~ (outnumbered).
  2220 | D:3      | Found a shimmering blue altar of Sif Muna.
  2244 | D:3      | Found a transporter.
  2244 | D:3      | Found a transporter.
  2246 | D:3      | Noticed an ice beast
  2300 | D:3      | Noticed Jessica
  2303 | D:3      | Killed Jessica
  2355 | D:3      | Noticed an ice beast
  2358 | D:3      | Found a hide-covered altar of Uskayaw.
  2359 | D:3      | Found an opulent altar of Gozag.
  2359 | D:3      | Found a glowing golden altar of the Shining One.
  2493 | D:3      | Found an ornate altar of the Wu Jian Council.
  2494 | D:3      | Found an iron altar of Okawaru.
  2495 | D:3      | 2495 ||| PLANNING OKAWARU WORSHIP
  2495 | D:3      | 2495 ||| UPGRADING to amulet of reflection.
  2501 | D:3      | Found a glowing silver altar of Zin.
  2501 | D:3      | Found a snail-covered altar of Cheibriados.
  2506 | D:3      | Became a worshipper of Warmaster Okawaru
  2506 | D:3      | 2506 ||| PLANNING D:1-11
  2626 | D:3      | Reached skill level 7 in Ranged Weapons
  2733 | D:3      | 2733 ||| DROPPING amulet of magic regeneration.
  2734 | D:3      | 2734 ||| DRINKING 2 black potions.
  2735 | D:3      | 2735 ||| DRINKING potion of curing.
  2735 | D:3      | 2735 ||| (to cure confusion)
  2736 | D:3      | 2736 ||| DROPPING potion of ambrosia.
  2744 | D:4      | 2744 ||| PLANNING SEWER
  2945 | D:4      | Found a glowing drain.
  2956 | D:4      | 2956 ||| READING scroll labelled PITEXE TODEPPI.
  3084 | Sewer    | Entered a sewer
  3106 | Sewer    | Reached XP level 6. HP: 52/52 MP: 5/5
  3204 | Sewer    | 3204 ||| Stepping ~*~*~tactically~*~*~ (water).
  3269 | Sewer    | 3269 ||| Stepping ~*~*~tactically~*~*~ (water).
  3281 | Sewer    | HP: 12/52 [adder (3)]
  3281 | Sewer    | HP: 4/52 [ball python (2)]
  3282 | Sewer    | HP: 1/52 [adder (2)]
  3282 | Sewer    | Slain by a bullfrog

Levels and vault maps discovered:
D:1:      lightli_arrival_quake, layout_basic, serial_bayou,
          serial_bayou_shore_b, serial_bayou_shore_a, serial_bayou_pond_a,
          serial_bayou_lagoon_a, chequers_mini_garden
D:2:      layout_basic, nicolae_ecumenical_pavilion
D:3:      layout_loops_corners, led_sif_pool, nicolae_vehumet_radiance,
          chequers_temple_overflow_statue_of_worship,
          gammafunk_temple_overflow_arena, kennysheep_jessica_study
D:4:      layout_gridville, cheibrodos_sewer_entry_bend, lightli_minifort
Sewer:    sewer_minmay_w

Skill      XL: |  1  2  3  4  5 |
---------------+----------------+-----
Ranged Weapons | 5 6 7 |  7.8
Armour         | 1 |  1.2
Fighting       | 3 4 |  4.0
Dodging        | |  2.1
Stealth        | |  0.7

Action                     |  1- 3 |  4- 6 || total
---------------------------+-------+-------++-------
   Fire: Shortbow          |    55 |       ||    55
         Orcbow            |    40 |   158 ||   198
    Use: Scroll            |     3 |     4 ||     7
         Potion            |       |     3 ||     3
 Armour: Leather armour    |     4 |       ||     4
         Ring mail         |    10 |    19 ||    29
  Dodge: Dodged            |    25 |    40 ||    65
  Block: Other             |       |    17 ||    17

Table legend:
 A = Non-vault XP
 B = Vault XP
 C = Vault XP percentage of total XP
 D = Non-vault monster count
 E = Vault monster count
 F = Vault count percentage of total count
                 A         B        C        D         E       F
            +---------+---------+-------+---------+---------+-------
      Total |     330 |     188 |  36.3 |      69 |      46 |  40.0
            +---------+---------+-------+---------+---------+-------
        D:1 |      46 |       0 |   0.0 |      25 |       0 |   0.0
        D:2 |     102 |       0 |   0.0 |      22 |       0 |   0.0
        D:3 |     150 |      39 |  20.6 |      17 |       2 |  10.5
        D:4 |      32 |       5 |  13.5 |       5 |       1 |  16.7
      Sewer |       0 |     144 | 100.0 |       0 |      43 | 100.0
            +---------+---------+-------+---------+---------+-------
